 Dungeon Crawl Stone Soup version 0.13-a0-2301-g23820b6 (webtiles) character file.

243 Kae the Firebug (level 3, -2/19 HPs)
             Began as a Tengu Fire Elementalist on July 8, 2013.
             Slain by a gnoll
             ... wielding a +0,+0 spear
              (8 damage)
             ... on Level 2 of the Dungeon.
             The game lasted 00:01:41 (1662 turns).

Kae the Firebug (Tengu Fire Elementalist)           Turns: 1662, Time: 00:01:41

HP  -2/19        AC  2     Str  8      XL: 3   Next: 37%
MP   2/7         EV 12     Int 16      God:
Gold 207         SH  0     Dex 14      Spells:  2 memorised,  2 levels left

Res.Fire  : . . .   See Invis. : .   o - +2,+1 dwarf dagger (elec)
Res.Cold  : . . .   Warding    : .   a - +0 robe
Life Prot.: . . .   Conserve   : .   (no shield)
Res.Poison: .       Res.Corr.  : .   (helmet restricted)
Res.Elec. : .       Clarity    : .   (no cloak)
Sust.Abil.: . .     Spirit.Shd : .   (no gloves)
Res.Mut.  : .       Stasis     : .   (boots unavailable)
Res.Rott. : .       Flight     : .   (no amulet)
Saprovore : . . .                    (no ring)
                                     (no ring)

@: not resistant to hostile enchantments, fairly stealthy
A: beak, talons 3
a: no special abilities


You were on level 2 of the Dungeon.
You were very hungry.

You visited 1 branch of the dungeon, and saw 2 of its levels.

You collected 187 gold pieces.

Inventory:

Hand weapons
 o - a +2,+1 dwarven dagger of electrocution (weapon)
Armour
 a - a +0 robe (worn)
Comestibles
 c - a bread ration
 f - 2 apples
 m - a meat ration
 n - a lemon
Scrolls
 d - a scroll of blinking {unknown}
 e - a scroll of identify {unknown}
 g - a scroll of amnesia {unknown}
 h - 4 scrolls of remove curse {unknown}
 l - a scroll of enchant weapon I {unknown}
 p - a scroll of enchant weapon II {unknown}
 q - a scroll of magic mapping {unknown}
Potions
 i - a potion of cure mutation {unknown}
 j - a potion of mutation {unknown}
 k - a potion of heal wounds {unknown}
Books
 b - a book of Flames

   Spells                             Type                      Level
   *Flame Tongue                      Conjuration/Fire             1
   *Throw Flame                       Conjuration/Fire             2
   Conjure Flame                      Conjuration/Fire             3
   Inner Flame                        Hexes/Fire                   3
   Sticky Flame                       Conjuration/Fire             4
   Fireball                           Conjuration/Fire             5


   Skills:
 - Level 2.1 Dodging
 - Level 2.0 Stealth
 + Level 1.6 Spellcasting
 * Level 2.5 Conjurations
 * Level 4.0 Fire Magic


You had 2 spell levels left.
You knew the following spells:

 Your Spells              Type           Power        Failure   Level  Hunger
a - Flame Tongue          Conj/Fire      ##...        8%          1    ##.....
b - Throw Flame           Conj/Fire      ##....       10%         2    ###....


Dungeon Overview and Level Annotations

Branches:
Dungeon (2/27)

Altars:


Innate Abilities, Weirdness & Mutations

You have a beak for a mouth.
You have claws for feet.


Message History

Press: ? - help, Shift-Dir - straight line, f - gnoll
Aim: a gnoll, wielding a spear You miscast Flame Tongue.
Nothing appears to happen.
The gnoll hits you from afar with a spear!
Casting: Flame Tongue
Confirm with . or Enter, or press ? or * to list all spells.
Aiming: Flame Tongue
Press: ? - help, Shift-Dir - straight line, f/p - gnoll
Aim: a gnoll, wielding a spear You miscast Flame Tongue.
Your skin tingles.
The gnoll completely misses you.
Your magical contamination has completely faded away.
Casting: Flame Tongue
Confirm with . or Enter, or press ? or * to list all spells.
Aiming: Flame Tongue
Press: ? - help, Shift-Dir - straight line, f/p - gnoll
Aim: a gnoll, wielding a spear The flame hits the gnoll.
The gnoll is severely wounded.
The gnoll hits you from afar with a spear!
You die...

##.## #.# #.#### #.#
#.# #..... #.# #.#
.## #..... #.# #.####
..........###
#.######....# ..
#####..#
#........##.# .# #..#
########.##.###.#####
#..# #.............$
...# ####.@..#.####
##... ###.###.. ####
##g#.# ##g.# ##.# ...
###.. ##


You could see 2 gnolls.

Vanquished Creatures
  A gnoll (D:2)
  6 bats (D:1)
  2 giant cockroaches
  6 goblins
  5 hobgoblins (D:1)
  A kobold (D:1)
  A giant newt (D:1)
  4 rats
26 creatures vanquished.

Vanquished Creatures (others)
  A kobold (D:2)
1 creature vanquished.

Grand Total: 27 creatures vanquished

Notes
Turn   | Place    | Note
--------------------------------------------------------------
     0 | D:1      | Kae, the Tengu Fire Elementalist, began the quest for the Orb.
     0 | D:1      | Reached XP level 1. HP: 10/10 MP: 3/3
   422 | D:1      | Reached XP level 2. HP: 15/15 MP: 5/5
   444 | D:1      | Learned a level 2 spell: Throw Flame
  1197 | D:1      | Reached XP level 3. HP: 17/19 MP: 7/7
  1658 | D:2      | Reached skill level 4 in Fire Magic
  1662 | D:2      | Slain by a gnoll

Action                   || total
-------------------------++-------
Melee: Unarmed           ||    46
       Dagger            ||    10
 Cast: Flame Tongue      ||    35
